 Dungeon Crawl Stone Soup version 0.26-a0-651-gb41185065b (webtiles) character file.

Game seed: 8314091655006237629

(classic levelgen) 33 EnegeticOcto the Sneak (level 3, -1/34 HPs)
             Began as a Deep Dwarf Delver on Oct 24, 2020.
             Was an Initiate of Ru.
             Slain by an ogre
             ... wielding a +0 giant club
              (19 damage)
             ... on level 5 of the Dungeon.
             The game lasted 00:01:07 (153 turns).

EnegeticOcto the Sneak (Deep Dwarf Delver)           Turns: 153, Time: 00:01:08

Health: -1/34      AC:  3    Str: 15    XL:     3   Next: 12%
Magic:  0/0        EV: 12    Int: 11    God:    Ru [......]
Gold:   0          SH:  0    Dex: 14    Spells: 2/2 levels left

rFire    . . .     SeeInvis .   a - +0 hand axe
rCold    . . .     Faith    .   (no shield)
rNeg     . . .     Spirit   .   b - +0 leather armour
rPois    .         Reflect  .   (no helmet)
rElec    .         Harm     .   (no cloak)
rCorr    .         Rampage  .   (no gloves)
MR       .....                  (no boots)
Stlth    +++.......             (no amulet)
HPRegen  0.00/turn              (no ring)
MPRegen  0.07/turn              (no ring)

@: non-regenerating
A: damage resistance, heal wounds, sense surroundings 1, no regeneration
a: Heal Wounds, Renounce Religion


You were on level 5 of the Dungeon.
You worshipped Ru.
Ru was noncommittal.
You visited 2 branches of the dungeon, and saw 2 of its levels.

Inventory:

Hand Weapons
 a - a +0 hand axe (weapon)
Armour
 b - a +0 leather armour (worn)
Wands
 g - a wand of digging (3) {@v3}
Scrolls
 c - a scroll of fog
 d - a scroll of magic mapping {@r5}
 e - 2 scrolls of fear
Potions
 f - a potion of haste {@q4}


   Skills:
 - Level 3.0 Fighting
 * Level 2.7 Axes
 - Level 2.7 Dodging
 - Level 6.3 Stealth
 + Level 0.0 Spellcasting


You had 2 spell levels left.
You didn't know any spells.
Your spell library was empty.

Dungeon Overview and Level Annotations

Branches:
Dungeon (5/15)             Temple (1/1) D:5

Altars:
Makhleb
Ru
Yredelemnul


Innate Abilities, Weirdness & Mutations

You are resistant to damage.
You can heal yourself by infusing magical energy.
You passively map a small area around you.
You do not regenerate.


Message History

You open the door. You hit the bullfrog zombie.
The bullfrog zombie is lightly damaged.
The bullfrog zombie hits you. x2
You slash the bullfrog zombie!
The bullfrog zombie is moderately damaged.
The bullfrog zombie hits you.
You hit the bullfrog zombie but do no damage.
The bullfrog zombie is moderately damaged.
The bullfrog zombie barely misses you. The bullfrog zombie hits you.
You hit the bullfrog zombie.
The bullfrog zombie is heavily damaged.
The bullfrog zombie hits you.
Your magical essence is drained by the effort!
You feel much better. The bullfrog zombie misses you.
The bullfrog zombie hits you but does no damage.
You barely miss the bullfrog zombie.
The bullfrog zombie is heavily damaged.
The bullfrog zombie hits you but does no damage.
You hit the bullfrog zombie.
The bullfrog zombie is heavily damaged.
The bullfrog zombie hits you. The bullfrog zombie closely misses you.
You closely miss the bullfrog zombie.
The bullfrog zombie is heavily damaged.
The bullfrog zombie closely misses you.
You slash the bullfrog zombie!
The bullfrog zombie is severely damaged.
The bullfrog zombie closely misses you. x2
You hit the bullfrog zombie.
The bullfrog zombie is almost destroyed.
The bullfrog zombie hits you.
You slash the bullfrog zombie!
You destroy the bullfrog zombie!
Your Fighting skill increases to level 3!
You have reached level 2!
You have reached level 3!
Your experience leads to an increase in your attributes!
Increase (s)trength, (i)ntelligence, or (d)exterity?
You feel clever.
You hear the slow rusting of a distant drain.
You hear the slow hiss of a very distant avalanche of sand.
An ogre comes into view. It is wielding a +0 giant club.
The ogre shouts!
The ogre hits you with a +0 giant club!!
Ouch! That really hurt!
* * * LOW HITPOINT WARNING * * *
You are too injured to fight recklessly!
Your magical essence is drained by the effort!
You feel much better.
The ogre hits you with a +0 giant club!!
Ouch! That really hurt!
* * * LOW HITPOINT WARNING * * *
Your magical essence is drained by the effort!
You feel much better.
You barely miss the ogre. The ogre closely misses you.
You hit the ogre.
The ogre is lightly wounded.
The ogre closely misses you.
You hit the ogre.
The ogre is moderately wounded.
The ogre barely misses you.
You hit the ogre.
The ogre is moderately wounded.
The ogre misses you.
You hit the ogre but do no damage.
The ogre is moderately wounded.
The ogre completely misses you.
You hit the ogre.
The ogre is heavily wounded.
The ogre misses you.
You completely miss the ogre.
The ogre is heavily wounded.
The ogre closely misses you.
You hit the ogre.
The ogre is heavily wounded.
The ogre barely misses you.
You hit the ogre.
The ogre is severely wounded.
The ogre barely misses you.
You hit the ogre.
The ogre is almost dead.
The ogre misses you.
You barely miss the ogre.
The ogre is almost dead.
You barely miss the ogre.
The ogre is almost dead.
The ogre closely misses you.
You hit the ogre but do no damage.
The ogre is almost dead.
You hear the slow rusting of a drain nearby.
You hear the slow hiss of a very distant avalanche of sand.
The ogre barely misses you.
You hit the ogre.
The ogre is almost dead.
The ogre hits you with a +0 giant club!
You closely miss the ogre.
The ogre is almost dead.
The ogre hits you with a +0 giant club!!
Ouch! That really hurt!
You die...

* , .... ##≈
*...#* * #≈≈
*#..## *#.# #≈..
, #...# **..# *
#...*###...## ..#
#...##......##
#.##
#..........##...#
#.............# *
#..O@........##
#........###.##
#.....#### #..###
##..### #..#...##
###* *#..###...##
#..# ###..## #..#
##..### .##*
##...# ###..


You could see an ogre.

Vanquished Creatures
  A bullfrog zombie (D:5)
1 creature vanquished.

Notes
Turn   | Place    | Note
-------+----------+-------------------------------------------
     0 | D:5      | EnegeticOcto the Deep Dwarf Delver began the quest for the
                  | Orb.
     0 | D:5      | Reached XP level 1. HP: 20/20 MP: 1/1
    15 | D:5      | Found a staircase to the Ecumenical Temple.
    23 | Temple   | Entered the Ecumenical Temple
    39 | Temple   | Became a worshipper of Ru the Awakened
    93 | D:5      | Reached XP level 2. HP: 25/28 MP: 1/1
    93 | D:5      | Reached XP level 3. HP: 30/34 MP: 2/2
   130 | D:5      | Noticed an ogre
   153 | D:5      | Slain by an ogre

Illustrated notes

Levels and vault maps discovered:
D:5:      layout_cave_pods, minmay_temple_entry_wispy,
          cheibrodos_sewer_entry_bend, serial_column_ruins, column_ruins_grid_5,
          column_ruins_hut, column_ruins_grid_1, column_ruins_open_tiny,
          column_ruins_open_medium, column_ruins_grid_3, column_ruins_open_tiny,
          column_ruins_grid_1, enter_ossuary_4, corexii_corridor_pit,
          uniq_menkaure
Temple:   roderic_octagonal_lattice_temple

Skill      XL: |  1 |
---------------+----+-----
Fighting       | 3 |  3.0
Axes           | |  2.7
Dodging        | |  2.7
Stealth        | |  6.3

Action                   || total
-------------------------++-------
Melee: Hand axe          ||    25
 Abil: Heal Wounds       ||     3
Armor: Leather armour    ||     2
Dodge: Dodged            ||    18

Table legend: (Time is in decaauts)
 A = Elapsed time spent in this place.
 B = Non-inter-level travel time spent in this place.
 C = Inter-level travel time spent in this place.
 D = Time resting spent in this place.
 E = Time spent auto-exploring this place.
 F = Levels seen in this place.
 G = Mean time per level.
                   A        B        C        D        E       F      G
               +--------+--------+--------+--------+--------+-----+--------+
         Total |    157 |    142 |     15 |      0 |      0 |   2 |   78.5 |
       Dungeon |    125 |    125 |      0 |      0 |      0 |   1 |  125.0 |
        Temple |     32 |     17 |     15 |      0 |      0 |   1 |   32.0 |
               +--------+--------+--------+--------+--------+-----+--------+

Top non-repeatable levels by time:
     D:5: 125 daAuts
  Temple: 32 daAuts
